 Dungeon Crawl Stone Soup version 0.19.5 (webtiles) character file.

238 JeffiDaFish the Skirmisher (level 6, -1/38 HPs)
             Began as a Gargoyle Monk on Dec 13, 2017.
             Slain by an ogre
             ... wielding a cursed -3 giant spiked club
              (8 damage)
             ... on level 3 of the Dungeon.
             The game lasted 00:09:16 (2941 turns).

JeffiDaFish the Skirmisher (Gargoyle Monk)          Turns: 2941, Time: 00:09:16

Health: -1/38      AC: 12    Str: 15    XL:     6   Next: 7%
Magic:  15/15      EV: 13    Int: 10    God:
Gold:   186        SH:  0    Dex: 14    Spells: 0 memorised, 5 levels left

rFire  . . .     SeeInvis +     t - +0 lajatang
rCold  . . .     Gourm    .     j - +0 leather armour
rNeg   + . .     Faith    .     (shield currently unavailable)
rPois  ∞         Spirit   .     g - +2 helmet
rElec  +         Reflect  .     u - +1 cloak
rCorr  .         Harm     .     (no gloves)
MR     .....                    (no boots)
Stlth  ++........               (no amulet)
                                s - ring of see invisible
                                e - ring of magical power

@: no status effects
A: negative energy resistance 1, electricity resistance, unbreathing,
petrification resistance, rot immunity, AC +4
a: no special abilities


You were on level 3 of the Dungeon.
You were not hungry.

You visited 1 branch of the dungeon, and saw 4 of its levels.

You collected 186 gold pieces.

Inventory:

Hand Weapons
 a - a +1 mace
 t - a +0 lajatang (weapon)
Armour
 g - a +2 helmet (worn)
 j - a +0 leather armour (worn)
 u - a +1 cloak (worn)
Magical Staves
 k - an uncursed staff of death {unknown}
Jewellery
 e - a ring of magical power (left hand)
 s - a ring of see invisible (right hand)
Scrolls
 o - a scroll of recharging
 q - a scroll of remove curse
Potions
 b - a potion of agility
 d - a potion of heal wounds
 h - a potion of ambrosia
 r - a potion of curing
Comestibles
 c - 3 bread rations
 f - 2 slices of pizza
 i - 3 fruits
 l - a beef jerky
 p - 2 meat rations


   Skills:
 + Level 4.1 Fighting
 - Level 3.9(4.3) Maces & Flails
 * Level 2.5(3.6) Staves
 + Level 1.6 Armour
 + Level 3.1 Dodging
 + Level 3.3 Stealth


You had 5 spell levels left.
You didn't know any spells.

Dungeon Overview and Level Annotations

Branches:
Dungeon (4/15)
 Temple: D:4-7

Altars:
Xom

Annotations:
D:4 Natasha


Innate Abilities, Weirdness & Mutations

You are resistant to torment.
Your stone body is resilient. (AC +4)
You are immune to poison.
You resist negative energy. (rN+)
You are resistant to electric shocks. (rElec)
You can survive without breathing.
You are immune to petrification.
You are immune to rotting.


Message History

The ogre barely misses you.
You barely miss the ogre.
The ogre is moderately wounded.
You slash the ogre!
The ogre is severely wounded.
The ogre hits you with a giant spiked club!
You barely miss the ogre.
The ogre is severely wounded.
The ogre misses you.
You hit the ogre.
The ogre is almost dead.
The ogre hits you with a giant spiked club!
* * * LOW HITPOINT WARNING * * *
You completely miss the ogre.
The ogre is almost dead.
The ogre hits you but does no damage.
You hit the ogre but do no damage.
The ogre is almost dead.
The ogre hits you with a giant spiked club!
You die...

##### #########...# ###
#.........#.# #########..
#.#######...# #.........#
#.# ##.## #.#######.. #.#
#O# #.##...##.#
#.########@######.##.#....#
#.##..............##...##.#
#..#.#####.#####..###.###..
##.#.# #.# #..# #.# ###
#.#.# #.#####..###.### #
#.#.# #..............###
#.#.# #.................
#.#.# ##.###.....#.#.###
#.#.######.###.....#.#.#


You could see an ogre.

Vanquished Creatures
  A crimson imp (D:4)
  Natasha (D:4)
  An iguana (D:4)
  A worker ant (D:4)
  Robin (D:4)
  4 adders
  2 worms (D:3)
  2 dart slugs (D:2)
  2 leopard geckos
  3 giant cockroaches
  14 goblins
  9 hobgoblins
  11 jackals
  8 kobolds
  2 quokkas
  2 bats
  A leopard gecko zombie (D:3)
  3 rats
68 creatures vanquished.

Notes
Turn   | Place    | Note
-------+----------+-------------------------------------------
     0 | D:1      | JeffiDaFish the Gargoyle Monk began the quest for the Orb.
     0 | D:1      | Reached XP level 1. HP: 14/14 MP: 1/1
   199 | D:1      | Reached XP level 2. HP: 19/19 MP: 2/2
   735 | D:2      | Reached XP level 3. HP: 19/23 MP: 3/3
  1403 | D:2      | Reached XP level 4. HP: 24/29 MP: 4/4
  1410 | D:2      | Found a shimmering altar of Xom.
  2151 | D:3      | Reached skill level 1 in Armour
  2569 | D:4      | Reached XP level 5. HP: 33/33 MP: 5/5
  2608 | D:4      | Noticed Natasha
  2615 | D:4      | Killed Natasha
  2615 | D:4      | Reached skill level 4 in Fighting
  2615 | D:4      | Reached skill level 1 in Staves
  2682 | D:4      | Noticed Robin
  2716 | D:4      | Killed Robin
  2724 | D:4      | Reached XP level 6. HP: 19/38 MP: 6/6
  2728 | D:4      | Noticed Natasha
  2941 | D:3      | Slain by an ogre

Skill      XL: |  1  2  3  4  5 |
---------------+----------------+-----
Armour         | 1 |  1.6
Dodging        | 3 |  3.1
Fighting       | 4 |  4.1
Staves         | 2 |  2.5
Stealth        | 3 |  3.3
Maces & Flails | |  3.9

Action                   |  1- 3 |  4- 6 || total
-------------------------+-------+-------++-------
Melee: Mace              |   110 |    51 ||   161
       Lajatang          |       |    66 ||    66
  Use: Potion            |     6 |     2 ||     8
       Scroll            |     6 |     3 ||     9
 Stab: Sleeping          |     3 |     3 ||     6
  Eat: Chunk             |     2 |     5 ||     7
Armor: Robe              |     3 |       ||     3
       Leather armour    |    51 |    54 ||   105
Dodge: Dodged            |    83 |   100 ||   183
